 Dungeon Crawl Stone Soup version 0.30-b1-2-g02819fbbbe (webtiles) character file.

Game seed: 7886153258175737034

247 Arcadio the Shooter (level 6, -2/48 HPs)
             Began as a Formicid Hunter on May 20, 2023.
             Was an Initiate of Cheibriados.
             Slain by a small abomination (21 damage)
             ... on level 1 of the Abyss.
             The game lasted 00:13:36 (3800 turns).

Arcadio the Shooter (Formicid Hunter)               Turns: 3800, Time: 00:13:36

Health: -2/48      AC:  3    Str: 16      XL:     6   Next: 34%
Magic:  6/6        EV: 12    Int:  7 (10) God:    Cheibriados [......]
Gold:   58         SH:  0    Dex: 20      Spells: 5/5 levels left

rFire   . . .        a - +0 shortbow
rCold   . . .        (no shield)
rNeg    . . .        c - +0 leather armour
rPois   .            (helmet unavailable)
rElec   .            (no cloak)
rCorr   .            (no gloves)
SInv    +            (no boots)
Will    .....        (no amulet)
Stlth   ++           o - ring of flight
HPRegen 0.28/turn    (no ring)
MPRegen 0.10/turn

%: no passive effects
@: flying, very slow
A: permanent stasis, dig shafts and tunnels, antennae 3, four strong arms,
screaming 1, subdued magic 1
a: Dig, Shaft Self, Renounce Religion


You were on level 1 of the Abyss.
You worshipped Cheibriados.
Cheibriados was noncommittal.
You visited 2 branches of the dungeon, and saw 8 of its levels.
You visited the Abyss 1 time.

You collected 202 gold pieces.
You spent 144 gold pieces at shops.

Inventory:

Hand Weapons
 a - a +0 shortbow (weapon)
 f - a +1 dagger of electrocution
 g - a +0 dagger
 r - a +3 short sword
Armour
 c - a +0 leather armour (worn)
 l - a +0 scale mail
 p - a +0 plate armour
Jewellery
 o - a ring of flight (left hand)
Wands
 w - a wand of polymorph (9)
Scrolls
 b - a scroll of immolation
 d - 2 scrolls of summoning {unknown}
 i - a scroll of vulnerability {unknown}
 j - a scroll of poison {unknown}
 q - a scroll of blinking {unknown}
 s - 2 scrolls of fear {unknown}
 u - a scroll of enchant armour {unknown}
Potions
 e - 2 potions of brilliance
 h - a potion of lignification {unknown}
 k - 3 potions of curing
 m - a potion of mutation {unknown}
 n - a potion of resistance {unknown}
 t - 2 potions of heal wounds
 v - a potion of degeneration {unknown}
 x - a potion of attraction {unknown}


   Skills:
 + Level 4.2 Fighting
 + Level 5.2 Ranged Weapons
 + Level 3.5 Armour
 - Level 1.7 Dodging
 - Level 1.2 Stealth


You had 5 spell levels left.
You didn't know any spells.
Your spell library contained the following spells:

 Spells                   Type           Power      Damage    Failure   Level
 Shock                    Conj/Air       0%         1d3       45%         1
 Airstrike                Air            0%         2d(0-16)  99%         4
 Summon Lightning Spire   Summ/Air       0%         N/A       99%         4
 Iskenderun's Battlesphe  Conj           0%         2d6       100%        5
 Iron Shot                Conj/Erth      0%         9d1       100%        6
 Spellforged Servitor     Conj/Summ      0%         N/A       100%        7
 Storm Form               Tmut/Air       0%         N/A       100%        7
 Maxwell's Capacitive Co  Air            0%         ∞         100%        8
 Swiftness                Air            Unusable   N/A       N/A         3

Dungeon Overview and Level Annotations

Branches:
Dungeon (7/15) Zot: 39711  Temple (1/1) D:4 Zot: 8892

Altars:
Ashenzari
Cheibriados
Dithmenos
Elyvilon
Fedhas
Hepliaklqana
Nemelex Xobeh
Qazlal
Uskayaw
Vehumet
Wu Jian
Yredelemnul
Zin
The Shining One

Shops:
D:6 *

Annotations:
D:3 Grinder


Innate Abilities, Weirdness & Mutations

You cannot be hasted, slowed, berserked, paralysed or teleported.
You can dig through walls and to a lower floor.
You have a pair of large antennae on your head. (SInv)
Your four strong arms can wield two-handed weapons with a shield.
You occasionally shout uncontrollably at your foes.
Your spells are a little easier to cast, but a little less powerful.


Message History

[Y]es or [N]o only, please.
Really target yourself?
Okay, then.
You start resting.
HP restored.
A large abomination comes into view.
A chaos spawn comes into view.
Okay, then.
A starcursed mass comes into view.
A starcursed mass splits.
The chaos spawn gurgles horribly!
A starcursed mass splits. x2
A starcursed mass splits.
A chorus of shrieks assaults your mind.
A starcursed mass splits.
The starcursed mass attacks as you move away!
The starcursed mass touches you. The neqoxec gestures at you.
You feel dopey. Something feeds on your intellect! The neqoxec gestures at you.
Strange energies course through your body.
You feel the urge to shout. A chorus of shrieks assaults your mind.
The neqoxec gestures at you.
Strange energies course through your body.
Your connection to magic feels subdued.
A chorus of shrieks assaults your mind. A chorus of shrieks assaults your mind.
A starcursed mass splits.
The neqoxec gestures at you.
You feel dopey. Something feeds on your intellect!
A large abomination comes into view.
A small abomination comes into view.
You yell at the small abomination!
The small abomination barely misses you.
The small abomination attacks as you move away!
The small abomination hits you. The small abomination hits you!!
You die...

## .# .#
XX .# X#
###x#
#.@.#
#......#
#..#.....#
...#
...##..#
.# .#...
### .....#
.. ..#.
.#.#.# .


You could see 2 starcursed masses, a large abomination and a small abomination.

Vanquished Creatures
  A hound (D:6)
  An orc priest (D:6)
  An orc wizard (D:6)
  Robin (D:3)
  A gnoll (D:4)
  4 adders
  3 dart slugs
  11 orcs
  9 ball pythons
  6 endoplasms
  4 giant cockroaches
  17 goblins
  5 hobgoblins
  4 kobolds
  4 quokkas
  5 bats
  3 frilled lizards
  12 rats
92 creatures vanquished.

Vanquished Creatures (others)
  A small abomination (Abyss:1)
1 creature vanquished.

Grand Total: 93 creatures vanquished

Notes
Turn   | Place    | Note
-------+----------+-------------------------------------------
     0 | D:1      | Arcadio the Formicid Hunter began the quest for the Orb.
     0 | D:1      | Reached XP level 1. HP: 16/16 MP: 1/1
    61 | D:1      | Reached XP level 2. HP: 23/23 MP: 2/2
   105 | D:1      | Reached skill level 1 in Armour
   175 | D:1      | Reached XP level 3. HP: 28/28 MP: 3/3
   763 | D:2      | Reached XP level 4. HP: 16/35 MP: 4/4
  1718 | D:3      | Noticed Robin
  1782 | D:2      | Reached XP level 5. HP: 38/41 MP: 5/5
  1807 | D:3      | Killed Robin
  1884 | D:3      | Found a faded altar of an unknown god.
  1926 | D:3      | Noticed Grinder
  1930 | D:3      | You fall into a shaft and drop 3 floors!
  1980 | D:6      | Reached skill level 5 in Ranged Weapons
  2240 | D:6      | Noticed a centaur
  2289 | D:6      | Reached XP level 6. HP: 33/48 MP: 6/6
  2620 | D:6      | Noticed an ice beast
  2647 | D:6      | You are sucked into a shaft and drop 1 floor!
  2660 | D:6      | Noticed an ice beast
  2700 | D:6      | Found Mimach's General Store.
  2706 | D:6      | Bought 2 potions of heal wounds for 120 gold pieces
  2706 | D:6      | Bought a scroll of identify for 24 gold pieces
  2716 | D:5      | Entered Level 5 of the Dungeon
  2716 | D:5      | Noticed a black bear
  2932 | D:5      | Noticed an ice beast
  3064 | D:4      | Found a staircase to the Ecumenical Temple.
  3070 | Temple   | Entered the Ecumenical Temple
  3120 | Temple   | Became a worshipper of Cheibriados the Contemplative
  3660 | Abyss:1  | Cast into level 1 of the Abyss (gnoll)
  3762 | Abyss:1  | Noticed a large abomination
  3764 | Abyss:1  | Noticed a chaos spawn
  3766 | Abyss:1  | Noticed a neqoxec
  3767 | Abyss:1  | Noticed a starcursed mass
  3788 | Abyss:1  | Gained mutation: You occasionally shout uncontrollably at
                  | your foes. [a neqoxec]
  3789 | Abyss:1  | Noticed a centaur warrior zombie
  3789 | Abyss:1  | Gained mutation: Your spells are a little easier to cast,
                  | but a little less powerful. [a neqoxec]
  3794 | Abyss:1  | Noticed a large abomination
  3800 | Abyss:1  | Slain by a small abomination

Illustrated notes

Levels and vault maps discovered:
D:1:      minmay_arrival_loop, layout_rooms, minivault_11,
          palyth_stone_intersect
D:2:      minmay_evil_eye, layout_basic, minmay_tromino_v4_b
D:3:      layout_basic, ebering_ecumenical_altar_webs, hex_medium,
          grunt_ministairs_14, uniq_sigmund, uniq_grinder, uniq_robin
D:4:      layout_layer_cave, minmay_temple_entry_enclosed_plants,
          hangedman_abyss_or_decor_slice
D:5:      layout_layer_cave, serial_shops, shop_scrolls, uniq_menkaure
D:6:      layout_loops_ring, nicolae_sif_muna_condensation, serial_shops, shop
D:7:      layout_rooms, grunt_livestock, patterned_corridor
Temple:   nicolae_temple_superstar
Abyss:1:  base:
D:3

Skill      XL: |  1  2  3  4  5 |
---------------+----------------+-----
Armour         | 1 2 3 |  3.5
Fighting       | 3 4 |  4.2
Ranged Weapons | 5 |  5.2
Dodging        | |  1.7
Stealth        | |  1.2

Action                     |  1- 3 |  4- 6 || total
---------------------------+-------+-------++-------
   Fire: Shortbow          |    99 |   159 ||   258
  Throw: Throwing net      |       |     1 ||     1
Ability: Dig               |     1 |       ||     1
         Shaft Self        |       |     2 ||     2
    Use: Scroll            |     1 |     3 ||     4
 Armour: Leather armour    |    19 |    19 ||    38
  Dodge: Dodged            |    34 |    61 ||    95
